[Event "Skol-SM 2021, grupp A"]
[Site "Helsingborg Arena, Mellersta Stenbocksgatan 14, Helsingborg, Sweden"]
[Date "2021.10.09"]
[Round "3.3"]
[White "Kochetkov, Maxim"]
[Black "Joensson, Oscar"]
[Result "0-1"]
[TimeControl "45 minutes + 10 seconds per move from move one."]
[WhiteFideId "1768565"]
[BlackFideId "1729977"]
[WhiteElo "1360"]
[BlackElo "1741"]

1. d4 Nf6 2. Bf4 d5 3. e3 c5 4. c3 Nc6 5. Nd2 Bf5 6. Ngf3 e6 7. Bb5 a6 8. Bxc6+ bxc6 9. Qb3 Be7 10.
Qb7 Qc8 11. Qxc8+ Rxc8 12. Nb3 c4 13. Nbd2 Nh5 14. b3 Nxf4 15. exf4 Ba3 16. Ke2 Bb2 17. Rad1 Bc2 18. Rde1 cxb3 19.
Nxb3 Be4 20. Kd2 Ba3 21. Re3 Ke7 22. Rg1 c5 23. Nxc5 Bxc5 24. dxc5 Rxc5 25. Nd4 Rb8 26. Nb3 Rc4 27.
f3 Bg6 28. g3 Ra4 29. Ra1 Ra3 0-1

[Event "Skol-SM 2021, grupp A"]
[Site "Helsingborg Arena, Mellersta Stenbocksgatan 14, Helsingborg, Sweden"]
[Date "2021.10.09"]
[Round "4.5"]
[White "Skahlberg Bjerknes-Lima de Faria, Warg"]
[Black "Kochetkov, Maxim"]
[Result "1-0"]
[TimeControl "45 minutes + 10 seconds per move from move one."]
[WhiteFideId "1738100"]
[BlackFideId "1768565"]
[WhiteElo "1540"]
[BlackElo "1360"]

1. c4 Nf6 2. g3 g6 3. Bg2 Bg7 4.
Nf3 c6 5. d3 d5 6. Nbd2 O-O 7. O-O Bf5 8. Rb1 Qc8 9. b4 Bh3 10. b5 Bxg2 11. Kxg2 Nbd7 12. bxc6 Qxc6 13. Ba3 Rfe8 14.
Qb3 b6 15. Kg1 Nc5 16. cxd5 Nxb3 17. dxc6 Na5 18. Rfc1 Rac8 19. Nd4 Nd5 20. N2f3 Nc7 21. Nb3 Nb5 22. Bb2 Nxc6 23. Bxg7 Kxg7 24.
a4 Nd6 25. Rc3 Nd4 26. Rxc8 Nxf3+ 27. exf3 Rxc8 28. Nd4 Rc3 29. Rb3 Rc1+ 30. Kg2 Ra1 31. Nc6 Rxa4 32. Nxe7 Kf6 33. Nd5+ Ke6 34. Nc3 Rd4 35. Ne2 Rd5 36.
Nf4+ Ke5 37. Nxd5 Kxd5 38. Rb4 Kc5 39. Ra4 a5 40. Kf1 Nf5 41. Ke2 Kb5 42. Rc4 a4 43. Kd2 Ka5 44. Kc3 Nd6 45. Rc6 Nb5+ 46. Kc4 Na3+ 47. Kc3 b5 48.
Rc5 Nb1+ 49. Kc2 Na3+ 50. Kb2 Kb4 51. Re5 f6 52. Re4+ Nc4+ 53. dxc4 bxc4 54. Re7 1-0

[Event "Skol-SM 2021, grupp A"]
[Site "Helsingborg Arena, Mellersta Stenbocksgatan 14, Helsingborg, Sweden"]
[Date "2021.10.09"]
[Round "5.6"]
[White "Sigurdsson, Anton"]
[Black "Kochetkov, Maxim"]
[Result "0-1"]
[TimeControl "45 minutes + 10 seconds per move from move one."]
[WhiteFideId "1764527"]
[BlackFideId "1768565"]
[WhiteElo "1183"]
[BlackElo "1360"]

1. e4 c5 2. Nf3 d6 3. d4 cxd4 4. Nxd4 Nf6 5. Nc3 a6 6. f3 e5 7. Nb3 Be6 8. Be3 Be7 9. Qd2 O-O 10.
O-O-O Nbd7 11. g4 b5 12. h4 b4 13. Nd5 Bxd5 14. exd5 a5 15. Kb1 Qc7 16. h5 Rfc8 17. g5 Nxd5 18.
Bd3 Nxe3 19. Qxe3 Nc5 20. Nxc5 Qxc5 21. Qe4 Bxg5 22. Qxh7+ Kf8 23. Qh8+ Ke7 24. Qxg7 Bf6 25. Qg4 a4 26.
Qg1 Qa5 27. Be4 b3 28. cxb3 axb3 29. a3 Rab8 30. Rd5 Qc7 31. Qe3 Qc4 32. Rhd1 Rc6 33. Bf5 Rg8 34. Be4 Bg5 35. Qe1 Rgc8 36.
R5d2 Bxd2 37. Qxd2 d5 38. Bd3 Qd4 39. Qg5+ Rf6 40. Be2 Qf4 41. Qxf4 Rxf4 42. Rxd5 f6 43. Rd3 Rb8 44. Kc1 Rh4 45.
f4 Rxf4 46. Kd2 Rd8 47. Kc3 Rxd3+ 48. Bxd3 Rf3 49. Kc4 Rh3 50. Bg6 Kd6 51. Bf7 f5 52. Kb4 f4 53. Bxb3 Rxh5 54. Bc4 f3 55. Kc3 f2 56. Bf1 Rh1 57.
Bg2 f1=Q 58. Bxf1 Rxf1 59. b4 0-1

[Event "Skol-SM 2021, grupp A"]
[Site "Helsingborg Arena, Mellersta Stenbocksgatan 14, Helsingborg, Sweden"]
[Date "2021.10.09"]
[Round "6.5"]
[White "Kochetkov, Maxim"]
[Black "Kayyali, Isam"]
[Result "1/2-1/2"]
[TimeControl "45 minutes + 10 seconds per move from move one."]
[WhiteFideId "1768565"]
[BlackFideId "1761706"]
[WhiteElo "1360"]
[BlackElo "1603"]

1. d4 Nf6 2. Bf4 e6 3. e3 d5 4.
Nd2 Bd6 5. Bg3 O-O 6. Bd3 c5 7. c3 Nc6 8. Ngf3 Ne7 9. Ne5 Nf5 10. Ndf3 Qc7 11. O-O Nxg3 12. hxg3 Nd7 13. Nxd7 Bxd7 14.
Rc1 c4 15. Bb1 f5 16. Ne1 Rf6 17. f4 Rg6 18. Kf2 Rh6 19. Nf3 Be8 20. Rh1 Bh5 21. Qc2 Bxf3 22. gxf3 Rxh1 23. Rxh1 b5 24.
g4 g6 25. a3 a5 26. g5 b4 27.
Qa4 bxc3 28. bxc3 Rb8 29. Bc2 Bf8 30. Rb1 Rxb1 31. Bxb1 Qb6 32. Bc2 Kf7 33. Ke2 Qb2 34. Kd2 Bxa3 35.
Qd7+ Be7 36. Qa4 Qb6 37. Qd7 Qa6 38. Ba4 Qa8 39. Qc6 Qxc6 40. Bxc6 Bf8 41. Kc2 h6 42. gxh6 Bxh6 43. Kd2 Kf6 44.
Bd7 Bf8 45. Kc2 Ba3 46. Kb1 Ke7 47. Ba4 Bd6 48. Kc2 g5 49. fxg5 f4 50. exf4 Bxf4 51. g6 Bh6 52. Bb5 Kf6 53. Bd7 e5 54. Kd1 exd4 55. cxd4 Be3 56.
Bc6 Bxd4 57. Bxd5 c3 58. Be4 a4 59. Kc2 Ke5 1/2-1/2

[Event "Skol-SM 2021, grupp A"]
[Site "Helsingborg Arena, Mellersta Stenbocksgatan 14, Helsingborg, Sweden"]
[Date "2021.10.10"]
[Round "7.1"]
[White "Joensson, Oscar"]
[Black "Torngren, Gustav"]
[Result "1/2-1/2"]
[TimeControl "45 minutes + 10 seconds per move from move one."]
[BlackTitle "FM"]
[WhiteFideId "1729977"]
[BlackFideId "1728970"]
[WhiteElo "1741"]
[BlackElo "2084"]

1. d4 b6 2. c4 Bb7 3. Nc3 e6 4.
e4 Bb4 5. Qc2 Qh4 6. Bd3 f5 7. g3 Qh5 8. Be2 Qf7 9. Bf3 Nc6 10. Nge2 fxe4 11. Bxe4 Nf6 12. d5 Nxe4 13. Qxe4 O-O 14.
O-O exd5 15. Qxd5 Nd8 16. Qxf7+ Nxf7 17. Nd5 Bc5 18. Bf4 g5 19. Bxc7 Bxd5 20. cxd5 Rac8 21. d6 Rce8 22. Nc3 Ne5 23.
Rad1 Re6 24. Kg2 Ng4 25. Rd2 Be3 26. Re2 Ref6 27. f3 Bd4 28. Nd5 R6f7 29. Re7 Ne5 30. Rxf7 Kxf7 31. f4 Ke6 32.
Ne7 gxf4 33. gxf4 Ng4 34. f5+ Kf7 35. Rf4 Ne3+ 36. Kf3 Nc2 37. Kg4 h5+ 38. Kf3 Bxb2 39. Ra4 Nd4+ 40. Ke4 Nb5 41.
Rb4 Nc3+ 42. Kd3 Ba1 43. Rb3 Na4 44. Ra3 Nc5+ 45. Kc4 1/2-1/2

[Event "Skol-SM 2021, grupp A"]
[Site "Helsingborg Arena, Mellersta Stenbocksgatan 14, Helsingborg, Sweden"]
[Date "2021.10.10"]
[Round "7.3"]
[White "Troberg Eskola, Love"]
[Black "Kochetkov, Maxim"]
[Result "1-0"]
[TimeControl "45 minutes + 10 seconds per move from move one."]
[WhiteFideId "1724185"]
[BlackFideId "1768565"]
[WhiteElo "2007"]
[BlackElo "1360"]

1. Nf3 Nf6 2. c4 g6 3. Nc3 Bg7 4. e4 d6 5. d4 O-O 6. Be2 e5 7. dxe5 dxe5 8. Qxd8 Rxd8 9. Bg5 Re8 10.
Nd5 Nxd5 11. cxd5 f5 12. Rc1 h6 13. Be3 c6 14. Bc4 Kh7 15. h4 fxe4 16. Ng5+ Kh8 17. Nxe4 Rd8 18. Rd1 Bf5 19.
Ng5 Rd7 20. f3 cxd5 21. Bxd5 Nc6 22. Bxc6 Rxd1+ 23. Kxd1 bxc6 24. Ne4 Bxe4 25. fxe4 Rb8 26. Kc2 Rb4 27. Bxa7 Rxe4 28. g3 Rg4 29. Bf2 Kg8 30. Rd1 Bf8 31.
Rd7 Re4 32. Kd3 Ra4 33. Ra7 Rxa7 34. Bxa7 Kf7 35. Bb8 Ke6 36. Ke4 Bg7 37. a4 Bf8 38. Bxe5 Bb4 39. Bc3 Bd6 40. Be1 Kd7 41. g4 h5 42. gxh5 gxh5 43. Kf5 Kc7 44. Kg5 Kb6 45. Kxh5 Be5 46.
Bc3 Bf4 47. Kg6 Kc5 48. h5 Kc4 49. a5 Kb5 50. h6 Bxh6 51. Kxh6 Ka6 52. Kg6 Kb5 53. Kf5 Ka6 54. Ke5 1-0

[Event "Skol-SM 2021, grupp A"]
[Site "Helsingborg Arena, Mellersta Stenbocksgatan 14, Helsingborg, Sweden"]
[Date "2021.10.10"]
[Round "8.6"]
[White "Kochetkov, Maxim"]
[Black "Erhagen, Elliot"]
[Result "0-1"]
[TimeControl "45 minutes + 10 seconds per move from move one."]
[WhiteFideId "1768565"]
[BlackFideId "1764241"]
[WhiteElo "1360"]
[BlackElo "1110"]

1. d4 Nf6 2. Bf4 d5 3. e3 c5 4. c3 Nc6 5. Nd2 Bf5 6.
Ngf3 h6 7. h3 e6 8. Qb3 Qb6 9. Qxb6 axb6 10. Bc7 Rc8 11. Bxb6 Nd7 12. dxc5 Nxc5 13. Bxc5 Bxc5 14. Nb3 Be7 15.
Nbd4 Be4 16. Bb5 O-O 17. O-O Bxf3 18. Nxf3 Na5 19. Rfd1 Bf6 20. Nd4 Bxd4 21. exd4 Nc4 22. Rab1 Ra8 23.
a3 Rfc8 24. Kf1 Ra5 25. Bxc4 Rxc4 26. f3 Rc6 27. Re1 Rb5 28. Re2 Rxc3 29. bxc3 Rxb1+ 30. Kf2 Rb3 31. Rc2 Rxa3 32. Ke3 g5 33.
Kd3 Rb3 34. Ra2 Kg7 35. g4 Rb6 36. Ra8 Rb2 37. Rb8 Rh2 38. Rxb7 Rxh3 39. Ke3 h5 40. gxh5 Rxh5 41. Kf2 Rh8 42.
Rc7 Re8 43. Kg3 Kg6 44. Kg4 f5+ 45. Kg3 Kf6 46. Kf2 Rh8 47. Kg2 Rg8 48. c4 dxc4 49. Rxc4 Rd8 50. Kf2 Ke7 51. Rc7+ Rd7 52.
Rc4 Kd6 53. Ke3 Rc7 54. Ra4 Rc3+ 55. Ke2 Kd5 56. Ra8 Kxd4 57. Rg8 Rc2+ 58. Kf1 Ke3 59. Ke1 Rc1# 0-1